 Dungeon Crawl Stone Soup version 0.28.0-45-g0d030f2227 (webtiles) character file.

Game seed: 6222942250501770142

250 issech the Cudgeller (level 5, -4/53 HPs)
             Began as a Troll Monk on Apr 24, 2022.
             Slain by Grinder (6 damage)
             ... on level 4 of the Dungeon.
             The game lasted 00:10:57 (2944 turns).

issech the Cudgeller (Troll Monk)                   Turns: 2944, Time: 00:10:57

Health: -4/53      AC:  4    Str: 19    XL:     5   Next: 88%
Magic:  4/4        EV: 10    Int:  6    God:
Gold:   122        SH:  0    Dex: 14    Spells: 4/4 levels left

rFire   . . .      SeeInvis .   o - +2 halberd (vorpal)
rCold   . . .      Faith    .   (shield currently unavailable)
rNeg    . . .      Spirit   .   b - +0 robe
rPois   .          Reflect  .   (helmet restricted)
rElec   .          Harm     .   (no cloak)
rCorr   .          Rampage  .   (gloves unavailable)
Will    .....                   (boots unavailable)
Stlth   ++........              (no amulet)
HPRegen 0.97/turn               (no ring)
MPRegen 0.09/turn               (no ring)

@: no status effects
A: large, unfitting armour, claws 3, regeneration 1, shaggy fur 1, tough skin 1
a: no special abilities


You were on level 4 of the Dungeon.
You visited 1 branch of the dungeon, and saw 4 of its levels.

You collected 122 gold pieces.

Inventory:

Hand Weapons
 a - a +0 mace
 g - a +0 flail
 l - a +0 glaive
 o - a +2 vorpal halberd (weapon)
 y - a +0 hand axe of electrocution
Missiles
 c - 181 stones (quivered)
 h - 56 bolts
 p - 20 arrows
 q - 2 boomerangs
Armour
 b - a +0 robe (worn)
Magical Staves
 t - a staff of poison
Wands
 m - a wand of polymorph (7)
 w - a wand of iceblast (19)
Scrolls
 d - 2 scrolls of fog
 f - a scroll of silence {unknown}
 i - a scroll of enchant armour {unknown}
 j - 3 scrolls of vulnerability {unknown}
 r - a scroll of immolation {unknown}
 v - 2 scrolls of identify {unknown}
 z - a scroll of magic mapping {unknown}
Potions
 e - 2 potions of cancellation {unknown}
 k - a potion of flight {unknown}
 n - a potion of degeneration {unknown}
 s - a potion of invisibility {unknown}
 u - a potion of brilliance {unknown}
 x - a potion of haste {unknown}


   Skills:
 + Level 3.3 Fighting
 + Level 3.4 Maces & Flails
 + Level 1.7 Polearms
 + Level 2.0 Throwing
 + Level 3.1 Dodging
 + Level 1.3 Stealth


You had 4 spell levels left.
You didn't know any spells.
Your spell library contained the following spells:

 Spells                   Type           Power      Damage    Failure   Level
 Ignite Poison            Fire/Tmut/Pois 0%         N/A       83%         3
 Mephitic Cloud           Conj/Pois/Air  0%         N/A       83%         3
 Freezing Cloud           Conj/Ice/Air   0%         6-21      100%        5


Dungeon Overview and Level Annotations

Branches:
Dungeon (4/15)
 Temple: D:4-7

Altars:
Zin

Shops:
D:3 *

Annotations:
D:3 1 runed translucent door, NinjaNoafa's ghost, amateur DrTm
D:4 Grinder


Innate Abilities, Weirdness & Mutations

You are too large for most types of armour.
You have claws for hands.
Your natural rate of healing is unusually fast.
You are covered in fur. (AC +1)
You have tough skin. (AC +1)


Message History

Press: ? - help, Dir - move target, f/p - Grinder
Aim: Grinder (about 50% to evade your +2 vorpal halberd)
You reach to attack!
You closely miss Grinder. Grinder hits you.
You writhe in agony.
You barely miss Grinder. Grinder hits you.
You slash Grinder!
Grinder is moderately wounded.
Grinder closely misses you. Grinder gestures at you.
Pain shoots through your body!
You closely miss Grinder.
Grinder is moderately wounded.
Grinder gestures at you. Pain shoots through your body!
You closely miss Grinder.
Grinder is moderately wounded.
Grinder gestures at you.
You suddenly lose the ability to move!
Grinder hits you!
You writhe in agony.
* * * LOW HITPOINT WARNING * * *
Grinder gestures at you. Pain shoots through your body!
* * * LOW HITPOINT WARNING * * *
You can move again.
You slash Grinder!
Grinder is heavily wounded.
Grinder closely misses you. x2
You barely miss Grinder.
Grinder is heavily wounded.
Grinder hits you.
* * * LOW HITPOINT WARNING * * *
You writhe in agony.
* * * LOW HITPOINT WARNING * * *
Unknown command.
You hit Grinder.
Grinder is severely wounded.
Grinder hits you.
* * * LOW HITPOINT WARNING * * *
You writhe in agony.
You die...

# #..# ...(.##
#..### ((.....
#.... ..... #..##
(... #...# (.# #
##..## ##.#
#######....#####†#
....##..#....##.5#
###......#....#.@#
##.....#......##
#.............#
#..###.........#
#..# ###.......#
..# ##........ ..
#........## #
.....####.. ..#..
...


You could see Grinder.

Vanquished Creatures
  2 hounds (D:3)
  An orc wizard (D:3)
  Ijyb (D:3)
  Natasha (D:4)
  3 gnolls (D:3)
  An adder (D:1)
  2 worms (D:3)
  A dart slug (D:1)
  6 orcs (D:3)
  7 endoplasms
  3 giant cockroaches
  8 hobgoblins
  7 kobolds
  3 quokkas
  8 ball pythons
  3 bats
  4 frilled lizards
  4 goblins
  5 rats
70 creatures vanquished.

Vanquished Creatures (others)
  2 withered plants (D:3)
2 creatures vanquished.

Grand Total: 72 creatures vanquished

Notes
Turn   | Place    | Note
-------+----------+-------------------------------------------
     0 | D:1      | issech the Troll Monk began the quest for the Orb.
     0 | D:1      | Reached XP level 1. HP: 22/22 MP: 0/0
   121 | D:1      | Found a faded altar of an unknown god.
   315 | D:1      | Reached XP level 2. HP: 29/29 MP: 1/1
  1155 | D:2      | Reached XP level 3. HP: 35/36 MP: 2/2
  1179 | D:1      | Reached skill level 1 in Throwing
  1907 | D:3      | Noticed Grinder
  1908 | D:3      | Paralysed by Grinder for 3 turns
  1915 | D:3      | Paralysed by Grinder for 7 turns
  1931 | D:4      | Noticed an ogre
  1977 | D:3      | Found a runed translucent door.
  1978 | D:3      | Noticed NinjaNoafa's ghost (amateur DrTm)
  2015 | D:3      | Reached XP level 4. HP: 20/44 MP: 3/3
  2079 | D:3      | Found Omes's General Store.
  2343 | D:3      | Noticed Ijyb
  2351 | D:3      | Killed Ijyb
  2352 | D:3      | Reached XP level 5. HP: 13/53 MP: 4/4
  2354 | D:3      | Reached skill level 1 in Polearms
  2680 | D:3      | Found a glowing silver altar of Zin.
  2921 | D:4      | Noticed Natasha
  2929 | D:4      | Killed Natasha
  2932 | D:4      | Paralysed by Grinder for 2 turns
  2939 | D:4      | Paralysed by Grinder for 3 turns
  2943 | D:4      | HP: 2/53 [Grinder (1)]
  2944 | D:4      | Slain by Grinder

Illustrated notes

Levels and vault maps discovered:
D:1:      dpeg_arrival_circle_labyrinth_c, layout_loops_ring,
          basic_ecumenical_altar, nrook_campfire
D:2:      layout_rooms
D:3:      layout_rooms, zin_scriptorium, gammafunk_ghost_grave, serial_shops,
          nicolae_square_shop, minmay_quadrilaterals, uniq_ijyb, uniq_grinder
D:4:      layout_layer_cave, elyvilon_altar_5, kennysheep_generic_room_9,
          uniq_eustachio, uniq_natasha, uniq_edmund

Skill      XL: |  1  2  3  4  5 |
---------------+----------------+-----
Maces & Flails | 3 |  3.4
Throwing       | 1 2 |  2.0
Fighting       | 3 |  3.3
Dodging        | 3 |  3.1
Polearms       | 1 |  1.7
Stealth        | |  1.3

Action                   |  1- 3 |  4- 6 || total
-------------------------+-------+-------++-------
Melee: Mace              |    37 |       ||    37
       Flail             |    59 |    10 ||    69
       Punch             |     2 |       ||     2
       Halberd           |       |    92 ||    92
Throw: Stone             |   109 |    31 ||   140
  Use: Scroll            |     1 |       ||     1
 Stab: Distracted        |       |     1 ||     1
       Sleeping          |       |     1 ||     1
Armor: Robe              |    33 |    40 ||    73
Dodge: Dodged            |    65 |    47 ||   112
